 Dungeon Crawl Stone Soup version 0.28-a0-94-g325244837d (webtiles) character file.

Game seed: 5740485688892001413

14552 seren the Severer (level 11, -12/102 HPs)
             Began as a Minotaur Berserker on Aug 7, 2021.
             Was an Elder of Trog.
             Mangled by a cyan ugly thing (16 damage)
             ... on level 14 of the Dungeon.
             The game lasted 00:55:14 (15652 turns).

seren the Severer (Minotaur Berserker)             Turns: 15652, Time: 00:55:15

Health: -12/102    AC: 16    Str: 25    XL:     11   Next: 90%
Magic:  10/10      EV: 14    Int:  4    God:    Trog [****..]
Gold:   706        SH:  0    Dex: 16    Spells: 10/10 levels left

rFire   . . .      SeeInvis .   a - +0 war axe
rCold   . . .      Faith    +   (no shield)
rNeg    . . .      Spirit   .   E - +3 ring mail "Mulin" {rPois rCorr}
rPois   +          Reflect  .   (helmet restricted)
rElec   .          Harm     .   (no cloak)
rCorr   +          Rampage  .   Q - +1 pair of gloves
Will    ++...                   (no boots)
Stlth   +.........              S - amulet of faith
HPRegen 1.27/turn               s - +4 ring of protection
MPRegen 0.12/turn               l - +6 ring of dexterity

@: strong-willed, regenerating
A: horns 2, retaliatory headbutt
a: Renounce Religion, Berserk, Trog's Hand, Brothers in Arms


You were on level 14 of the Dungeon.
You worshipped Trog.
Trog was greatly pleased with you.
You visited 2 branches of the dungeon, and saw 15 of its levels.

You collected 706 gold pieces.

Inventory:

Hand Weapons
 a - a +0 war axe (weapon)
 b - a +0 hunting sling
 d - a +0 hand axe
 F - a +0 bardiche of venom
 H - a +6 great mace of protection
 T - a +0 demon whip
Missiles
 f - 5 boomerangs of dispersal
 h - 55 sling bullets
 k - 317 stones (quivered)
 o - 6 javelins
 y - 8 boomerangs
 K - a throwing net
Armour
 r - a +0 buckler
 w - a +0 kite shield
 E - the +3 ring mail "Mulin" (worn) {rPois rCorr}
   (You found it on level 8 of the Dungeon)

   rPois:     It protects you from poison.
   rCorr:     It protects you from acid and corrosion.
 Q - a +1 pair of gloves (worn)
 R - a +0 tower shield
Jewellery
 c - a +4 ring of protection
 l - a +6 ring of dexterity (right hand)
 s - a +4 ring of protection (left hand)
 I - an amulet of the acrobat
 J - a ring of magical power
 S - an amulet of faith (around neck)
 V - a ring of ice
Wands
 C - a wand of iceblast (1)
Scrolls
 e - a scroll of torment {unknown}
 g - a scroll of blinking {unknown}
 j - a scroll of teleportation {!r}
 m - a scroll of summoning {unknown}
 n - 4 scrolls of immolation
 q - a scroll of holy word {unknown}
 A - 2 scrolls of fear {unknown}
 D - a scroll of fog {unknown}
 L - a scroll of identify
 M - 2 scrolls of magic mapping {unknown}
 P - a scroll of brand weapon {unknown}
 U - a scroll of vulnerability {unknown}
 W - a scroll of enchant armour {unknown}
Potions
 i - a potion of magic {unknown}
 p - 3 potions of flight
 t - a potion of attraction
 u - a potion of heal wounds
 v - 3 potions of curing
 z - 2 potions of resistance
 B - 3 potions of might
 G - 2 potions of ambrosia {unknown}
 N - a potion of invisibility
 O - a potion of mutation {unknown}
Miscellaneous
 x - a phial of floods (inert)


   Skills:
 + Level 11.2 Fighting
 * Level 15.3(15.4) Axes
 - Level 1.0(10.3) Maces & Flails
 - Level 8.0 Armour
 + Level 7.1 Dodging
 + Level 5.8 Evocations


You had 10 spell levels left.
You didn't know any spells.
Your spell library was empty.

Dungeon Overview and Level Annotations

Branches:
Dungeon (15/15)            Temple (1/1) D:7            Lair (0/6) D:11
    Orc: D:9-12      Vaults: D:13-14     Depths: D:15

Altars:
Ashenzari
Cheibriados
Dithmenos
Elyvilon
Fedhas
Gozag
Hepliaklqana
Kikubaaqudgha
Makhleb
Nemelex Xobeh
Okawaru
Qazlal
Ru
Sif Muna
Trog
Uskayaw
Vehumet
Wu Jian
Xom
Yredelemnul
Zin
The Shining One

Shops:
D:2 :   D:3 :   D:6 =   D:10 =

Annotations:
D:3 exclusion: downstairs
D:9 ice devil, exclusion: ice statue
D:11 ogre, invisible creature, fannar..
D:15 exclusion: upstairs, Josephine


Innate Abilities, Weirdness & Mutations

You have a pair of horns on your head.
You reflexively headbutt those who attack you in melee.


Message History

The brown ugly thing tentacle-slaps you!
You are splashed with acid.
You resist.
The brown ugly thing basks in the mutagenic energy from its kin and changes!
Your skin crawls.
You feel strong-willed.
You closely miss the cyan ugly thing.
Your headbutt misses the cyan ugly thing.
The cyan ugly thing pecks you!
* * * LOW HITPOINT WARNING * * *
The cyan ugly thing shocks you!
* * * LOW HITPOINT WARNING * * *
You slice the cyan ugly thing!! You headbutt the cyan ugly thing.
The cyan ugly thing is moderately wounded.
The cyan ugly thing pecks you!
* * * LOW HITPOINT WARNING * * *
The cyan ugly thing shocks you!
* * * LOW HITPOINT WARNING * * *
You closely miss the cyan ugly thing.
The cyan ugly thing is moderately wounded.
You hit the cyan ugly thing.
Your headbutt misses the cyan ugly thing.
The cyan ugly thing is moderately wounded.
The cyan ugly thing barely misses you.
You slash the cyan ugly thing!
The cyan ugly thing is severely wounded.
The cyan ugly thing pecks you but does no damage.
You barely miss the cyan ugly thing. You headbutt the cyan ugly thing!
The cyan ugly thing is almost dead.
The cyan ugly thing pecks you!
* * * LOW HITPOINT WARNING * * *
The cyan ugly thing shocks you!
* * * LOW HITPOINT WARNING * * *
You barely miss the cyan ugly thing.
The cyan ugly thing is almost dead.
You hit the cyan ugly thing but do no damage.
The cyan ugly thing is almost dead.
The cyan ugly thing pecks you!
* * * LOW HITPOINT WARNING * * *
The cyan ugly thing shocks you!
You die...

#u### ##...## #u# #..###
#.# #.## #.# ##'#######
###'##### #.........
#.......# ####.........
#.......# ###..'.........
+.......###...##.........
#.......'@uu####.........
#.......##### #>........
#####+### #.........
#......>.. ###..##### .##
.. ... ...


You could see 2 ugly things.

Vanquished Creatures
  2 two-headed ogres
  5 skeletal warriors (D:9)
  2 cyclopes
  2 manticores (D:8)
  A troll (D:10)
  A hornet (D:10)
  A slime creature (D:7)
  A vampire (D:10)
  3 wraiths
  17 yaks
  A wyvern (D:8)
  Eustachio (D:6)
  2 steam dragons (D:8)
  3 vampire mosquitoes (D:14)
  An acid dragon (D:8)
  3 water moccasins
  An orc warrior (D:7)
  2 sky beasts
  2 black bears
  A necrophage (D:4)
  2 ogres
  A phantom (D:5)
  5 centaurs
  4 kobold brigands
  2 wyvern zombies
  A bullfrog (D:6)
  2 gnoll sergeants
  3 scorpions
  A water moccasin skeleton (D:6)
  7 howler monkeys
  3 centaur zombies
  7 hounds
  A bullfrog skeleton (D:7)
  4 jellies
  2 orc priests (D:6)
  2 centaur skeletons
  A gnoll shaman (D:10)
  3 iguanas
  3 orc wizards
  A scorpion zombie (D:5)
  A killer bee zombie (D:8)
  A howler monkey zombie (D:9)
  2 howler monkey skeletons (D:6)
  13 gnolls
  6 adders
  A shadow imp (D:7)
  A white imp (D:7)
  2 worms
  2 dart slugs
  14 orcs
  11 ball pythons
  6 endoplasms
  5 giant cockroaches
  14 goblins
  7 hobgoblins
  5 jackals
  4 quokkas
  6 bats
  3 frilled lizards (D:1)
  23 kobolds
  2 rats
236 creatures vanquished.

Vanquished Creatures (collateral kills)
  Fannar (D:11)
  A centaur zombie (D:11)
2 creatures vanquished.

Grand Total: 238 creatures vanquished

Notes
Turn   | Place    | Note
-------+----------+-------------------------------------------
     0 | D:1      | seren the Minotaur Berserker began the quest for the Orb.
     0 | D:1      | Reached XP level 1. HP: 19/19 MP: 0/0
   273 | D:1      | You fall into a shaft and drop 1 floor!
   284 | D:2      | Reached XP level 2. HP: 23/27 MP: 1/1
   685 | D:1      | Reached ** piety under Trog
   910 | D:1      | Reached skill level 4 in Axes
   992 | D:1      | Reached XP level 3. HP: 30/33 MP: 2/2
  1209 | D:2      | Found a faded altar of an unknown god.
  1399 | D:2      | Found Vawym's Book Shoppe.
  1932 | D:3      | Reached XP level 4. HP: 41/41 MP: 3/3
  1945 | D:3      | Found Etann's Book Emporium.
  2126 | D:3      | Found a stormy altar of Qazlal.
  2136 | D:3      | Found a sacrificial altar of Ru.
  2354 | D:3      | Reached *** piety under Trog
  2722 | D:4      | Reached skill level 5 in Fighting
  2868 | D:4      | Reached XP level 5. HP: 40/48 MP: 4/4
  2948 | D:4      | Noticed an ogre
  3109 | D:4      | Found a radiant altar of Vehumet.
  3113 | D:4      | Noticed a black bear
  3259 | D:5      | Entered Level 5 of the Dungeon
  3501 | D:5      | Reached XP level 6. HP: 51/57 MP: 5/5
  3541 | D:5      | Reached skill level 5 in Axes
  3714 | D:5      | Found a basalt altar of Yredelemnul.
  4314 | D:5      | Reached XP level 7. HP: 64/64 MP: 6/6
  4318 | D:5      | Found an opulent altar of Gozag.
  4638 | D:6      | Reached skill level 5 in Armour
  4704 | D:6      | Found Togav's Jewellery Shop.
  4874 | D:6      | Reached skill level 6 in Axes
  4874 | D:6      | Reached skill level 1 in Evocations
  4895 | D:6      | Reached skill level 5 in Dodging
  4995 | D:6      | Noticed Eustachio
  5045 | D:6      | Found a burning altar of Makhleb.
  5409 | D:6      | Reached XP level 8. HP: 42/73 MP: 7/7
  5840 | D:6      | Reached **** piety under Trog
  5841 | D:6      | Reached skill level 7 in Axes
  6241 | D:6      | Reached skill level 1 in Maces & Flails
  6640 | D:7      | Reached skill level 8 in Axes
  6825 | D:6      | Reached skill level 9 in Axes
  7178 | D:6      | Reached skill level 10 in Axes
  7178 | D:6      | Reached XP level 9. HP: 11/79 MP: 8/8
  7435 | D:7      | Found an ancient bone altar of Kikubaaqudgha.
  7525 | D:6      | Killed Eustachio
  7571 | D:7      | Found a staircase to the Ecumenical Temple.
  7582 | Temple   | Entered the Ecumenical Temple
  8007 | D:7      | Reached skill level 11 in Axes
  8250 | D:7      | Found a hazy altar of Hepliaklqana.
  8710 | D:8      | Noticed a manticore
  8737 | D:8      | Noticed a cyclops
  9350 | D:8      | Killed a cyclops
  9351 | D:8      | Reached skill level 12 in Axes
  9745 | D:8      | Identified the +3 ring mail "Mulin" {rPois rCorr}
  9789 | D:8      | Reached XP level 10. HP: 73/90 MP: 9/9
  9919 | D:8      | Noticed a manticore
 10051 | D:8      | Killed a manticore
 10443 | D:8      | Found a glowing silver altar of Zin.
 10452 | D:8      | Found a glowing golden altar of the Shining One.
 10485 | D:8      | Identified the +7 great sword of the Dancing Penguin
                  | {protect, rF+ Int+3 Stlth+}
 10542 | D:8      | Killed a manticore
 10993 | D:8      | Reached skill level 13 in Axes
 11223 | D:4      | Reached skill level 10 in Fighting
 11850 | D:9      | Noticed an ice statue
 11933 | D:9      | Noticed a skeletal warrior
 11955 | D:9      | Killed a skeletal warrior
 12051 | D:9      | Found a blossoming altar of Fedhas.
 12073 | D:9      | Reached skill level 14 in Axes
 12443 | D:10     | Entered Level 10 of the Dungeon
 12505 | D:10     | Noticed a two-headed ogre
 12517 | D:10     | Killed a two-headed ogre
 12518 | D:10     | Reached XP level 11. HP: 100/100 MP: 10/10
 12619 | D:10     | Found Ygoocw's Jewellery Emporium.
 13067 | D:10     | Found a sparkling altar of Nemelex Xobeh.
 13698 | D:11     | Noticed Fannar
 13755 | D:11     | Noticed a two-headed ogre
 13827 | D:9      | Noticed a skeletal warrior
 13947 | D:9      | Noticed a skeletal warrior
 13950 | D:9      | Noticed a skeletal warrior
 14058 | D:9      | Killed a skeletal warrior
 14059 | D:9      | Reached skill level 5 in Evocations
 14280 | D:9      | Killed a skeletal warrior
 14398 | D:9      | Noticed a skeletal warrior
 14435 | D:9      | Killed a skeletal warrior
 14656 | D:9      | Killed a skeletal warrior
 14657 | D:9      | Reached skill level 15 in Axes
 14934 | D:11     | Killed Fannar
 15097 | D:11     | Noticed a brown ugly thing
 15103 | D:11     | Found a staircase to the Lair.
 15104 | D:11     | You fall into a shaft and drop 3 floors!
 15105 | D:14     | Noticed a two-headed ogre
 15119 | D:14     | Killed a two-headed ogre
 15378 | D:15     | Entered Level 15 of the Dungeon
 15408 | D:14     | Noticed a cyan ugly thing
 15408 | D:14     | Noticed a cyan ugly thing
 15408 | D:14     | Noticed a cyan ugly thing
 15408 | D:14     | Noticed a cyan ugly thing
 15408 | D:14     | Noticed a cyan ugly thing
 15408 | D:14     | Noticed a cyan ugly thing
 15628 | D:15     | Noticed Josephine
 15652 | D:14     | HP: 4/102 [cyan ugly thing (7)]
 15652 | D:14     | Mangled by a cyan ugly thing

Illustrated notes

Levels and vault maps discovered:
D:1:      co_arrival_random_square_maze, layout_basic, minmay_hexomino_u4
D:2:      layout_basic, basic_ecumenical_altar, serial_shops,
          nicolae_shop_competitors_out_of_business,
          chequers_serial_rivers_room_a, corexii_item_surrounded_by_moat
D:3:      layout_loops_cross, nicolae_overflow_hidden_temple, serial_shops,
          nicolae_square_shop
D:4:      layout_loops_ring, nicolae_vehumet_altar_sigil
D:5:      layout_loops_ring, marbit_many_paths,
          mainiacjoe_overflow_cross_hatched, hangedman_abyss_or_decor_stagger
D:6:      layout_layer_cave, bloody_makhleb, serial_shops,
          nicolae_shop_statue_plus, uniq_eustachio
D:7:      layout_cave_pools, mainiacjoe_overflow_concentric_impassable,
          lemuel_crystal_altar, minmay_temple_entry_butterflies
D:8:      minmay_the_grid_square_5x5_3x3 [minmay_the_grid_square_5x5_inner_v,
          minmay_the_grid_square_5x5_eight,
          minmay_the_grid_square_5x5_trominoes,
          minmay_the_grid_square_5x5_tetrominoes,
          minmay_the_grid_square_5x5_megaprize_diamond,
          minmay_the_grid_square_5x5_misaligned,
          minmay_the_grid_square_5x5_inset,
          minmay_the_grid_square_5x5_spiral_small,
          minmay_the_grid_square_5x5_checkered], layout_cave_pools,
          mainiacjoe_overflow_swirl, minmay_statues_item
D:9:      cheibrodos_frozen_isle, layout_basic, mainiacjoe_overflow_chevrons
D:10:     layout_stronghold, mainiacjoe_overflow_tiny_flanked, serial_shops,
          shop, chequers_jeans
D:11:     kennysheep_ambush_hall, layout_cave_pods, erik_lair_orcish_takeover,
          minmay_orc_entry_guard_dogs, gammafunk_ghost_hydra_chop,
          kennysheep_island_fort, uniq_fannar
D:12:     layout_irregular_city, nicolae_uskayaw_suspiria
D:14:     layout_roguey, david_vaults_2, uniq_frances
D:15:     gammafunk_depths_entry_grave, layout_basic, trove_entry_hex_spiral,
          minivault_27, serial_shops, nicolae_shop_overgrown_old_shop,
          uniq_josephine
Temple:   compressed_dpeg_circular_temple

Skill      XL: |  1  2  3  4  5  6  7  8  9 10 11 |
---------------+----------------------------------+-----
Fighting       | 4 5 6 7 8 10 11 | 11.2
Axes           | 4 5 6 10 12 14 15 | 15.3
Armour         | 3 4 5 6 7 8 |  8.0
Dodging        | 3 4 5 7 |  7.1
Evocations     | 2 4 5 |  5.8
Maces & Flails | 1 |  1.0

Action                   |  1- 3 |  4- 6 |  7- 9 | 10-12 || total
-------------------------+-------+-------+-------+-------++-------
Melee: Hand axe          |    85 |    92 |   260 |   379 ||   816
       Headbutt          |    14 |    30 |    68 |   138 ||   250
       War axe           |       |       |       |     8 ||     8
 Fire: Hunting sling     |       |       |       |     2 ||     2
Invok: Berserk           |       |       |     2 |     9 ||    11
       Trog's Hand       |       |       |     2 |     5 ||     7
       Brothers in Arms  |       |       |       |     1 ||     1
Evoke: Wand              |       |       |     4 |     3 ||     7
       Phial of floods   |       |       |       |     1 ||     1
  Use: Scroll            |       |     1 |     7 |     5 ||    13
       Potion            |       |       |     1 |       ||     1
 Stab: Sleeping          |       |     1 |       |       ||     1
Armor: Leather armour    |    15 |    19 |    49 |       ||    83
       Skin              |       |       |    23 |       ||    23
       Scale mail        |       |       |    34 |       ||    34
       Ring mail         |       |       |     1 |   106 ||   107
Dodge: Dodged            |    65 |    48 |   210 |   149 ||   472

Table legend: (Time is in decaauts)
 A = Elapsed time spent in this place.
 B = Non-inter-level travel time spent in this place.
 C = Inter-level travel time spent in this place.
 D = Time resting spent in this place.
 E = Time spent auto-exploring this place.
 F = Levels seen in this place.
 G = Mean time per level.
                   A        B        C        D        E       F      G
               +--------+--------+--------+--------+--------+-----+--------+
         Total |  15635 |  14220 |   1415 |   4491 |   6058 |  15 | 1042.3 |
       Dungeon |  15527 |  14137 |   1390 |   4491 |   5980 |  14 | 1109.1 |
        Temple |    107 |     82 |     25 |      0 |     78 |   1 |  107.0 |
               +--------+--------+--------+--------+--------+-----+--------+

Top non-repeatable levels by time:
     D:6: 2761 daAuts
     D:7: 2059 daAuts
     D:5: 1634 daAuts
    D:10: 1572 daAuts
     D:9: 1513 daAuts
     D:8: 1470 daAuts
     D:1: 1140 daAuts
     D:3: 981 daAuts
     D:4: 879 daAuts
     D:2: 767 daAuts
    D:14: 383 daAuts
    D:11: 198 daAuts
    D:15: 163 daAuts
  Temple: 107 daAuts
    D:12: 1 daAuts
